 Dungeon Crawl Stone Soup version bcrawl-1.39.1 (webtiles) character file.

Game seed: 13383529883959851204

128975 Finalfun the Ducker (level 4, -6/40 HPs)
             Began as a Minotaur Archaeologist on Sept 26, 2023.
             Mangled by Sigmund
             ... wielding a +0 scythe
              (12 damage)
             ... on level 3 of the Dungeon.
             The game lasted 00:03:48 (1814 turns).

Finalfun the Ducker (Minotaur Archaeologist)        Turns: 1814, Time: 00:03:48

Health: -6/40      AC:  6    Str: 20    XL:     4   Next: 20%
Magic:  3/3        EV: 12    Int: 13    God:
Gold:   157        SH:  0    Dex:  8    Spells: 3/3 levels left

rFire    . . .     GDR:     22% a - +0 dagger (elec)
rCold    . . .     SeeInvis .   (no shield)
rNeg     . . .     Gourm    .   c - +1 robe
rPois    .         Faith    .   d - +1 hat
rElec    .         Spirit   .   (no cloak)
rCorr    .         Reflect  .   (no gloves)
MR       .....     Rnd*Rage +   v - +1 pair of boots
Stlth    ++........             (no amulet)
HPRegen  0.16/turn              (no ring)
MPRegen  0.08/turn              (no ring)

@: mighty, swift, flying, quick
A: retaliatory headbutt, horns 2, berserk 1, clever 1, robust 1, weak 1
a: no special abilities


You were on level 3 of the Dungeon.
You were hungry.

You visited 1 branch of the dungeon, and saw 3 of its levels.

You collected 157 gold pieces.

Inventory:

Hand Weapons
 a - a +0 dagger of electrocution (weapon)
 b - a +0 blowgun
Missiles
 f - 6 curare-tipped needles
 k - 522 stones (quivered)
Armour
 c - a +1 robe (worn)
 d - a +1 hat (worn)
 s - a scarf of stasis
 u - a +0 leather armour
 v - a +1 pair of boots (worn)
Wands
 z - a wand of polymorph (1)
Scrolls
 g - 2 scrolls of revelation
 i - 4 scrolls of identify
 j - a scroll of teleportation {unknown}
 m - 2 scrolls of amnesia {unknown}
 p - a scroll of remove curse {unknown}
 q - a scroll of blinking {unknown}
 w - a scroll of noise {unknown}
 y - a scroll of enchant armour {unknown}
 B - a scroll of enchant weapon {unknown}
Potions
 l - a potion of cancellation
 o - a potion of mutation
Miscellaneous
 h - a dusty tome
Comestibles
 e - 10 rations {!d}
 A - 3 chunks of flesh


   Skills:
 + Level 2.8 Fighting
   Level 1.2 Maces & Flails
 + Level 2.4 Armour
 + Level 4.1 Dodging
 - Level 3.0 Stealth


You had 3 spell levels left.
You didn't know any spells.
Your spell library contained the following spells:

 Spells                   Type           Power        Failure   Level  Hunger
 Apportation              Tloc           #.....       30%         1    None
 Corona                   Hex            #......      30%         1    None
 Infusion                 Chrm           #.......     30%         1    None
 Sandblast                Erth           #.....       30%         1    None
 Slow                     Hex            #.......     30%         1    None
 Summon Butterflies       Summ           #.......     30%         1    None


Dungeon Overview and Level Annotations

Branches:
Dungeon (3/12)

Altars:

Annotations:
D:3 Sigmund


Innate Abilities, Weirdness & Mutations

You reflexively headbutt those who attack you in melee.
You have a pair of horns on your head.
You tend to lose your temper in combat.
Your mind is acute. (Int +2)
You are robust. (+10% HP)
You are weak. (Str -2)


Message History

You hear some strange, mumbled words.
You are confused.
You bump into the rock wall.
Something hits you.
You bump into the rock wall.
Something hits you.
Things that are here:
a +0 club; a scroll labeled OSMIDADW PEOCS You bump into the rock wall.
You bump into the rock wall.
You bump into the rock wall.
You feel less confused. Something hits you.
A magic dart appears from out of thin air!
The magic dart hits you. Something hits you!
* * * LOW HITPOINT WARNING * * *
You completely miss something. Your headbutt misses something.
Something hits you but does no damage.
You closely miss something. Something hits you!
You die...

# . #. ....#w####
....ggS{@####
....w###....#### ...
####....########## .
#..................
....##########..##...
## #..##.##
###.....##
###........#
###....#.###..


You could see a worm, an adder, a dart slug, a hobgoblin and a goblin.

Vanquished Creatures
  Ijyb (D:3)
  2 oozes
  A dart slug (D:3)
  4 leopard geckos (D:1)
  4 orcs (D:3)
  A giant cockroach (D:1)
  3 goblins
  3 hobgoblins
  5 jackals
  2 quokkas
  3 bats
  2 frilled lizards (D:1)
  A kobold (D:2)
  3 rats
35 creatures vanquished.

Notes
Turn   | Place    | Note
-------+----------+-------------------------------------------
     0 | D:1      | Finalfun the Minotaur Archaeologist began the quest for the
                  | Orb.
     0 | D:1      | Reached XP level 1. HP: 16/16 MP: 0/0
   194 | D:1      | Reached XP level 2. HP: 22/24 MP: 1/1
   268 | D:1      | Reached skill level 1 in Armour
  1052 | D:2      | Reached XP level 3. HP: 26/29 MP: 2/2
  1376 | D:3      | Noticed Ijyb
  1516 | D:3      | Killed Ijyb
  1529 | D:3      | Reached skill level 4 in Dodging
  1541 | D:3      | Reached XP level 4. HP: 34/37 MP: 3/3
  1763 | D:3      | Noticed Sigmund
  1768 | D:3      | Gained mutation: You tend to lose your temper in combat.
                  | [potion of mutation]
  1768 | D:3      | Gained mutation: Your mind is acute. (Int +2) [potion of
                  | mutation]
  1768 | D:3      | Gained mutation: You are weak. (Str -2) [potion of
                  | mutation]
  1768 | D:3      | Gained mutation: You are robust. (+10% HP) [potion of
                  | mutation]
  1814 | D:3      | Mangled by Sigmund

Skill      XL: |  1  2  3 |
---------------+----------+-----
Armour         | 1 2 |  2.4
Fighting       | 2 |  2.8
Stealth        | 3 |  3.0
Dodging        | 4 |  4.1
Maces & Flails | |  1.2

Action                   |  1- 3 |  4- 6 || total
-------------------------+-------+-------++-------
Melee: Whip              |    73 |       ||    73
       Headbutt          |     6 |     4 ||    10
       Unarmed           |    19 |       ||    19
       Dagger            |       |    28 ||    28
Throw: Stone             |    20 |    24 ||    44
  Use: Potion            |       |     6 ||     6
 Stab: Sleeping          |     3 |       ||     3
  Eat: Chunk             |     3 |     3 ||     6
Armor: Robe              |    28 |    12 ||    40
       Skin              |     1 |    14 ||    15
Dodge: Dodged            |    71 |    14 ||    85
